 Dungeon Crawl Stone Soup version 0.29.1-15-g9cfb28693d (webtiles) character file.

Game seed: 8121693696022600841

8030 javelincjr the Fighter (level 11, -3/85 HPs)
             Began as a Djinni Conjurer on Mar 17, 2023.
             Was an Elder of Qazlal.
             Slain by a meliai
             ... wielding a +0 war axe
              (15 damage)
             ... on level 9 of the Dungeon.
             The game lasted 00:48:10 (8154 turns).

javelincjr the Fighter (Djinni Conjurer)            Turns: 8154, Time: 00:48:11

Health: -3/85      AC:  4    Str: 13    XL:     11   Next: 48%
Gold:   545        EV: 14    Int: 21    God:    Qazlal [****..] SH: 16 Dex: 15

rFire   + + +      SeeInvis .   X - +5 long sword (drain)
rCold   x . .      Faith    .   m - +0 kite shield
rNeg    . . .      Spirit   .   (no body armour)
rPois   ∞          Reflect  .   r - +2 helmet of Burning the Leaf {+Blink Str+3 Int+2 Dex+2}
rElec   .          Harm     .   M - +0 cloak
rCorr   .          Rampage  .   (no gloves)
Will    +....                   (boots unavailable)
Stlth   +.........              u - amulet of regeneration
HPRegen 1.04/turn               c - ring of fire
MPRegen 0.00/turn               n - ring of protection from cold

@: mighty, flying, repel missiles
A: sickness immunity, fire resistance 2, cold vulnerability 1, float, innate
caster, HP casting, extra vitality 1
a: Renounce Religion, Evoke Blink, Upheaval, Elemental Force


You were on level 9 of the Dungeon.
You worshipped Qazlal.
Qazlal was greatly pleased with you.
You visited 2 branches of the dungeon, and saw 11 of its levels.

You collected 635 gold pieces.
You spent 90 gold pieces at shops.

Inventory:

Hand Weapons
 j - a +0 short sword
 v - a +4 dagger
 w - a +0 dagger of draining
 J - a +2 trident of protection
 L - a +3 quarterstaff of chaos
 S - a +1 demon whip of venom
 U - a +0 mace of holy wrath
 X - a +5 long sword of draining (weapon)
Missiles
 D - 4 throwing nets
Armour
 a - a +0 robe
 f - a +0 buckler
 m - a +0 kite shield (worn)
 r - the +2 helmet of Burning the Leaf (worn) {+Blink Str+3 Int+2 Dex+2}
   (You acquired it on level 7 of the Dungeon)

   Str:       It affects your strength (+3).
   Int:       It affects your intelligence (+2).
   Dex:       It affects your dexterity (+2).
   +Blink:    It lets you blink.
 B - the +1 robe of Music {Int+5}
   (You found it on level 5 of the Dungeon)

   Int:       It affects your intelligence (+5).
 H - the +2 leather armour "Cokurasch" {SInv}
   (You found it on level 7 of the Dungeon)

   SInv:      It lets you see invisible.
 M - a +0 cloak (worn)
 T - +0 steam dragon scales
 V - a +4 scale mail
Magical Staves
 N - a staff of poison
Jewellery
 c - a ring of fire (left hand)
 n - a ring of protection from cold (right hand)
 o - an amulet of the acrobat
 u - an amulet of regeneration (around neck)
 x - a ring of protection from fire
 F - a +4 ring of evasion
Wands
 y - a wand of paralysis (8)
 G - a wand of iceblast (16)
Scrolls
 e - 3 scrolls of butterflies
 h - 2 scrolls of poison
 i - a scroll of summoning
 l - a scroll of blinking
 s - 3 scrolls of teleportation
 C - 2 scrolls of fear
 K - 2 scrolls of identify
 P - a scroll of immolation
 Q - 2 scrolls of magic mapping
Potions
 b - 2 potions of might
 d - 3 potions of attraction {unknown}
 g - a potion of mutation {unknown}
 k - 2 potions of curing
 p - 2 potions of brilliance {unknown}
 q - 3 potions of heal wounds {unknown}
 t - 2 potions of resistance {unknown}
 z - 3 potions of magic {unknown}
 E - 2 potions of berserk rage {unknown}
 O - a potion of flight {unknown}
 R - a potion of cancellation {unknown}
 W - a potion of invisibility {unknown}


   Skills:
 * Level 9.7 Fighting
 + Level 8.2 Dodging
 - Level 2.5 Stealth
 + Level 6.6 Shields
 + Level 6.4 Spellcasting
 + Level 6.6 Invocations


You couldn't memorise any spells.
You knew the following spells:

 Your Spells              Type           Power      Damage    Failure   Level
a - Magic Dart            Conj           100%       1d8       1%          1
b - Searing Ray           Conj           66%        2d6       2%          2
c - Dazzling Flash        Conj/Hex       66%        N/A       5%          3
d - Fulminant Prism       Conj/Hex       16%        3d11      17%         4
e - Iskenderun's Mystic   Conj/Tloc      33%        2d8       17%         4
f - Sting                 Tmut/Pois      100%       1d8       1%          1
g - Static Discharge      Conj/Air       33%        3-8/arc   2%          2
h - Blink                 Tloc           66%        N/A       2%          2
i - Mephitic Cloud        Conj/Pois/Air  33%        N/A       5%          3
j - Leda's Liquefaction   Hex/Erth       16%        N/A       17%         4
Your spell library was empty.

Dungeon Overview and Level Annotations

Branches:
Dungeon (10/15)            Temple (1/1) D:5
   Lair: D:8-11         Orc: D:9-12

Altars:
Ashenzari
Cheibriados
Dithmenos
Elyvilon
Fedhas
Gozag
Hepliaklqana
Makhleb
Nemelex Xobeh
Okawaru
Qazlal
Ru
Trog
Uskayaw
Wu Jian
Xom
Yredelemnul
Zin
The Shining One

Shops:
D:3 *


Innate Abilities, Weirdness & Mutations

You are immune to sickness and miasma.
You are immune to poison.
Your flesh is very heat resistant. (rF++)
You are vulnerable to cold. (rC-)
You float through the air rather than walking.
You learn spells naturally, not from books.
Your magical power is your life essence.
You have superior vitality. (+4 MHP)


Message History

* * * LOW HITPOINT WARNING * * *
The meliai hits your fulminant prism but does no damage.
The meliai stings your fulminant prism!
Your fulminant prism detonates feebly.
Found 18 gold pieces.
The meliai mumbles some strange prayers to its god against you.
Something smites you!
* * * LOW HITPOINT WARNING * * *
The meliai calls upon its god to heal the meliai.
The meliai is healed somewhat.
The meliai closely misses you. x2
It was a potion of curing.
You feel better.
The meliai calls upon its god to heal the meliai.
The meliai's wounds heal themselves!
You block the meliai's attack. x2
Okay, then.
Blink to where?
Press: ? - help, Dir - move target
As you read the scroll of blinking, it crumbles to dust.
There is a stone staircase leading up here.
You block the meliai's attack. The meliai closely misses you.
The meliai hits you with a +0 war axe!
* * * LOW HITPOINT WARNING * * *
The meliai closely misses you.
You fly upwards.
There is a stone staircase leading down here.
You feel better. You block the meliai's attack. The meliai misses you.
You block the meliai's attack. The meliai barely misses you.
Casting: Iskenderun's Mystic Blast (dangerous; 17% risk of failure)
Confirm with . or Enter, or press ? or * to list all spells.
You erupt in a blast of force!
The mystic blast hits the meliai!
The meliai is heavily wounded.
The meliai is knocked back by the mystic blast.
* * * LOW HITPOINT WARNING * * *
You feel very mighty all of a sudden.
You barely miss the meliai.
The meliai is moderately wounded.
You block the meliai's attack. The meliai stings you.
* * * LOW HITPOINT WARNING * * *
The meliai barely misses you. You block the meliai's attack.
The meliai hits you with a +0 war axe!
You die...

#.....# ##
#####'#### .#
#.......# .#
#######.......#
.###.....'.......#
.##..#####.......#
.#..## #.....§°#
.+.## #....°..#
.### #.....y@# ##
####'#### #.# #.#
#.## #..## ##..#
#### ######'####
...# #.........#


You could see a meliai.

Vanquished Creatures
  Harold (D:9)
  A two-headed ogre (D:9)
  Amaemon (D:9)
  A manticore (D:8)
  An orange demon (D:9)
  2 trolls
  Prince Ribbit (D:7)
  A wyvern (D:7)
  5 yaks
  2 steam dragons
  Menkaure (D:7)
  3 water moccasins
  An orc warrior (D:9)
  Duvessa (D:5)
  3 sky beasts (D:7)
  An ice beast (D:6)
  2 ogres
  2 centaurs
  2 bullfrogs
  2 gnoll sergeants
  8 scorpions
  13 wights
  Dowan (D:5)
  6 killer bees (D:10)
  A howler monkey (D:6)
  A vampire bat (D:7)
  5 hounds
  3 jellies
  A gnoll bouda (D:6)
  Crazy Yiuf (D:7)
  5 iguanas
  Natasha (thrice) (D:3)
  6 orc wizards
  8 gnolls (D:6)
  8 adders
  A white imp (D:6)
  3 ufetubi
  2 worms
  2 dart slugs
  11 orcs
  5 ball pythons
  11 bats
  3 bat skeletons (D:7)
  3 bat zombies (D:7)
  13 endoplasms
  3 giant cockroaches
  6 goblins
  8 hobgoblins
  4 jackals
  4 quokkas
  3 frilled lizards
  7 kobolds
  13 rats
206 creatures vanquished.

Vanquished Creatures (others)
  57 fulminant prisms
  7 plants
64 creatures vanquished.

Grand Total: 270 creatures vanquished

Notes
Turn   | Place    | Note
-------+----------+-------------------------------------------
     0 | D:1      | javelincjr the Djinni Conjurer began the quest for the Orb.
     0 | D:1      | javelincjr set off with the following spells memorised:
                  | Magic Dart, Searing Ray, Dazzling Flash, Fulminant Prism,
                  | Iskenderun's Mystic Blast.
     0 | D:1      | Reached XP level 1. HP: 15/15 MP: 0/0
     0 | D:1      | Noticed a jelly
     1 | D:1      | Found a runed translucent door.
   228 | D:1      | Reached XP level 2. HP: 17/21 MP: 0/0
   639 | D:1      | Reached XP level 3. HP: 25/25 MP: 0/0
   639 | D:1      | Learned a level 1 spell: Sting
  1076 | D:1      | Found a faded altar of an unknown god.
  1094 | D:1      | Prayed at the altar of an unknown god.
  1094 | D:1      | Became a worshipper of Qazlal Stormbringer
  1094 | D:1      | Reached * piety under Qazlal
  1209 | D:1      | Reached XP level 4. HP: 23/31 MP: 0/0
  1672 | D:2      | Reached ** piety under Qazlal
  1769 | D:2      | Reached XP level 5. HP: 34/36 MP: 0/0
  1769 | D:2      | Learned a level 2 spell: Static Discharge
  1948 | D:2      | Reached skill level 1 in Fighting
  2438 | D:3      | Identified the +1 pair of boots "Ypsizyug" {+Inv rElec}
  2444 | D:3      | Noticed Natasha
  2452 | D:3      | Killed Natasha
  2456 | D:3      | Noticed Natasha
  2458 | D:3      | Killed Natasha
  2459 | D:3      | Reached skill level 1 in Invocations
  2520 | D:3      | Noticed Natasha
  2525 | D:3      | Killed Natasha
  2526 | D:3      | Reached skill level 2 in Fighting
  2526 | D:3      | Reached skill level 1 in Shields
  2526 | D:3      | Reached XP level 6. HP: 21/43 MP: 0/0
  2685 | D:3      | Found Qanosus's Assorted Antiques.
  2706 | D:3      | Bought a scroll labelled MOKUWU SOUN for 30 gold pieces
  2706 | D:3      | Bought a scroll labelled MOKUWU SOUN for 30 gold pieces
  2706 | D:3      | Bought a scroll labelled ESHRIU BI ELAG for 30 gold pieces
  3990 | D:5      | Entered Level 5 of the Dungeon
  3999 | D:5      | Noticed a water moccasin
  4004 | D:5      | Killed a water moccasin
  4005 | D:5      | Reached skill level 3 in Fighting
  4005 | D:5      | Reached XP level 7. HP: 47/50 MP: 0/0
  4005 | D:5      | Learned a level 2 spell: Blink
  4016 | D:5      | Reached *** piety under Qazlal
  4194 | D:5      | Reached XP level 8. HP: 48/58 MP: 0/0
  4225 | D:5      | Identified the +1 robe of Music {Int+5}
  4260 | D:5      | Noticed Duvessa
  4276 | D:5      | Reached skill level 4 in Fighting
  4277 | D:5      | Killed Duvessa
  4288 | D:5      | Noticed Dowan
  4305 | D:5      | Killed Dowan
  4430 | D:5      | Found a staircase to the Ecumenical Temple.
  4436 | Temple   | Entered the Ecumenical Temple
  4436 | Temple   | Found a transporter.
  4436 | Temple   | Found a transporter.
  4438 | Temple   | Found a transporter.
  4438 | Temple   | Found a transporter.
  4779 | D:6      | Reached skill level 5 in Dodging
  4813 | D:6      | Noticed a yak
  4818 | D:6      | Noticed a yak
  4819 | D:6      | Noticed a yak
  4820 | D:6      | Noticed a yak
  4824 | D:6      | Killed a yak
  4825 | D:6      | Reached skill level 5 in Fighting
  4880 | D:5      | Killed a yak
  4881 | D:5      | Reached XP level 9. HP: 9/65 MP: 0/0
  4881 | D:5      | Learned a level 3 spell: Mephitic Cloud
  5031 | D:6      | Reached skill level 6 in Fighting
  5036 | D:6      | Reached skill level 5 in Spellcasting
  5206 | D:6      | Reached **** piety under Qazlal
  5569 | D:7      | Reached skill level 7 in Fighting
  5584 | D:7      | Reached XP level 10. HP: 17/75 MP: 0/0
  5743 | D:7      | HP: 3/75 [wyvern (5)]
  5748 | D:7      | Reached skill level 5 in Shields
  5748 | D:7      | Reached skill level 5 in Invocations
  5823 | D:7      | Identified the +2 leather armour "Cokurasch" {SInv}
  5862 | D:7      | Noticed Menkaure
  5871 | D:7      | Killed Menkaure
  5992 | D:7      | Found a blossoming altar of Fedhas.
  6118 | D:7      | Identified a scroll of acquirement
  6118 | D:7      | Acquired the +2 helmet of Burning the Leaf {+Blink Str+3
                  | Int+2 Dex+2}
  6234 | D:7      | Noticed Prince Ribbit
  6238 | D:7      | Killed Prince Ribbit
  6239 | D:7      | Reached skill level 8 in Fighting
  6317 | D:7      | Found a runed translucent door.
  6318 | D:7      | Noticed Crazy Yiuf
  6322 | D:7      | Killed Crazy Yiuf
  6836 | D:8      | Noticed a manticore
  6850 | D:8      | Killed a manticore
  6952 | D:8      | Found a hazy altar of Hepliaklqana.
  6952 | D:8      | Found a faded altar of an unknown god.
  7351 | D:9      | Noticed Amaemon
  7351 | D:9      | Noticed an orange demon
  7361 | D:9      | Killed an orange demon
  7376 | D:9      | Killed Amaemon
  7377 | D:9      | Reached XP level 11. HP: 73/82 MP: 0/0
  7377 | D:9      | Learned a level 4 spell: Leda's Liquefaction
  7462 | D:9      | Noticed Harold
  7481 | D:9      | Killed Harold
  7482 | D:9      | Reached skill level 9 in Fighting
  7695 | D:9      | Found a stormy altar of Qazlal.
  7875 | D:9      | Found a snail-covered altar of Cheibriados.
  7910 | D:9      | Noticed a two-headed ogre
  7928 | D:9      | Killed a two-headed ogre
  8112 | D:10     | Entered Level 10 of the Dungeon
  8149 | D:10     | HP: 3/85 [meliai/+0 war axe (12)]
  8154 | D:9      | Slain by a meliai

Illustrated notes

Levels and vault maps discovered:
D:1:      dpeg_arrival_caged_fury, layout_basic,
          shapermc_ecumenical_altar_hornbeckon
D:2:      cheibrodos_old_hovel, layout_rooms
D:3:      layout_basic, serial_shops, nicolae_shop_advertising_works
          [nicolae_subvault_shop_adworks], uniq_natasha
D:4:      layout_cave_pools, dk_noncrumbling_3
D:5:      layout_cave_pools, minmay_temple_entry_fiery,
          kennysheep_generic_room_8, uniq_duvessa
D:6:      layout_basic, kennysheep_generic_room_13
D:7:      layout_rooms, fedhas_ov_isle_minmay, kennysheep_vampire_church,
          uniq_menkaure, uniq_prince_ribbit1, uniq_crazy_yiuf_cottage
D:8:      layout_basic, beargit_hepliaklqana_dungeon_heroes
D:9:      layout_roguey, nicolae_qazlal_scattered_showers, lemuel_round_altar,
          erik_lair_dragon, uniq_amaemon, uniq_erica, uniq_harold
D:10:     layout_irregular_city
Temple:   hellmonk_temple_divided_pantheon

Skill      XL: |  1  2  3  4  5  6  7  8  9 10 11 |
---------------+----------------------------------+-----
Stealth        | 2 |  2.5
Dodging        | 3 4 5 6 7 8 |  8.2
Fighting       | 2 3 5 7 8 9 |  9.7
Invocations    | 1 2 3 4 5 6 |  6.6
Shields        | 1 2 3 4 6 |  6.6
Spellcasting   | 4 5 6 |  6.4

Action                   |  1- 3 |  4- 6 |  7- 9 | 10-12 || total
-------------------------+-------+-------+-------+-------++-------
Melee: Short sword       |     5 |     3 |       |       ||     8
       Dagger            |       |       |     8 |    51 ||    59
       Long sword        |       |       |       |     3 ||     3
 Cast: Magic Dart        |    45 |   125 |    64 |    44 ||   278
       Searing Ray       |     2 |    14 |    19 |    10 ||    45
       Sting             |       |     4 |     5 |     3 ||    12
       Static Discharge  |       |     1 |     4 |     2 ||     7
       Iskenderun's Myst |       |     1 |    34 |    45 ||    80
       Fulminant Prism   |       |       |    16 |    41 ||    57
       Dazzling Flash    |       |       |     2 |       ||     2
       Mephitic Cloud    |       |       |     1 |     1 ||     2
Invok: Upheaval          |       |       |     1 |       ||     1
  Use: Scroll            |       |     8 |     2 |     7 ||    17
       Potion            |       |       |       |     4 ||     4
Armor: Robe              |     2 |     4 |     6 |     6 ||    18
Dodge: Dodged            |     3 |    21 |    25 |    42 ||    91
       Repelled          |       |       |       |     2 ||     2
Block: Other             |       |     3 |       |       ||     3
       Buckler           |       |       |    22 |    24 ||    46
       Kite shield       |       |       |       |    29 ||    29
